 Dungeon Crawl Stone Soup version 0.29-a0-1065-g47a6bb87d6 (webtiles) character file.

Game seed: 6614306604082824951

2975 ytrimaz the Insei (level 9, -3/100 HPs)
             Began as an Octopode Transmuter on Aug 19, 2022.
             Was a Follower of Ashenzari.
             Slain by a tengu warrior
             ... wielding a +2 broad axe of venom
              (14 damage)
             ... on level 9 of the Dungeon.
             The game lasted 00:13:15 (10797 turns).

ytrimaz the Insei (Octopode Transmuter)            Turns: 10797, Time: 00:13:15

Health: -3/100     AC: 28    Str:  9    XL:     9   Next: 82%
Magic:  8/12       EV:  2    Int: 20    God:    Ashenzari [*.....]
Gold:   453        SH:  0    Dex: 12    Spells: 3/13 levels left

rFire   . . .      SeeInvis +     - Unarmed
rCold   + + .      Faith    .   (no shield)
rNeg    . . .      Spirit   .   (helmet currently unavailable)
rPois   +          Reflect  .   (no amulet)
rElec   .          Harm     .   o - ring "Share My Sophism" {AC+4, Alch, Self} (curse)
rCorr   .          Rampage  .   l - ring of Ashenzari's Altruism {rC+, Elem, Bglg} (curse)
Will    .....      NoTele   +   p - ring of see invisible
Stlth   +.........              v - ring of the Cryptic Sybil {rC+, Bglg, Melee} (curse)
HPRegen 0.26/turn               E - ring of poison resistance
MPRegen 0.13/turn               (no ring)
                                (no ring)
                                (no ring)

@: lethally poisoned (-3 -> -4), tree-form
A: stationary, stasis, torment immunity, boosted hp, almost no armour,
(amphibious), 8 rings, (camouflage 1), (gelatinous body 1), (nimble swimmer 1),
(tentacles)
a: Renounce Religion, Shatter the Chains


You were on level 9 of the Dungeon.
You worshipped Ashenzari.
Ashenzari was aware of your devotion.
You were a tree.
You visited 2 branches of the dungeon, and saw 10 of its levels.
You also visited: Ossuary and Bailey.

You collected 453 gold pieces.

Inventory:

Jewellery
 l - the cursed ring of Ashenzari's Altruism (right branch) {rC+, Elem, Bglg}
   (You took it off an orc priest on level 5 of the Dungeon)

   [ring of protection from cold]

   rC:        It protects you from cold.
   It has a curse which improves the following skills: Elements: Fire Magic, Ice
   Magic, Air Magic and Earth Magic.
   Beguiling: Conjurations, Hexes and Translocations.
 o - the cursed ring "Share My Sophism" (left branch) {AC+4, Alch, Self}
   (You found it on level 5 of the Dungeon)

   [ring of protection]

   AC:        It affects your AC (+4).
   It has a curse which improves the following skills: Alchemy: Poison Magic and
   Transmutations.
   Introspection: Fighting and Spellcasting.
 p - a ring of see invisible (on tentacle)
 v - the cursed ring of the Cryptic Sybil (on tentacle) {rC+, Bglg, Melee}
   (You found it on level 6 of the Dungeon)

   [ring of protection from cold]

   rC:        It protects you from cold.
   It has a curse which improves the following skills: Beguiling: Conjurations,
   Hexes and Translocations.
   Melee Combat: Short Blades, Long Blades, Axes, Maces & Flails, Polearms,
   Staves and Unarmed Combat.
 y - a ring of fire
 E - a ring of poison resistance (on tentacle)
Wands
 h - a wand of flame (26)
 j - a wand of charming (3)
 A - a wand of iceblast (7)
 F - a wand of digging (5)
Scrolls
 a - 2 scrolls of teleportation
 f - a scroll of enchant weapon
 g - 2 scrolls of noise
 k - 3 scrolls of blinking
 q - a scroll of fear
 s - a scroll of enchant armour
 B - 3 scrolls of fog
 C - a scroll of amnesia
 D - a scroll of magic mapping
Potions
 b - 5 potions of heal wounds
 c - 6 potions of brilliance
 d - 2 potions of ambrosia
 e - 3 potions of invisibility
 i - 8 potions of curing
 m - 3 potions of cancellation
 n - 2 potions of attraction
 r - 4 potions of might
 t - a potion of resistance
 u - a potion of lignification
 w - a potion of magic
 x - 2 potions of haste
 z - a potion of flight
Miscellaneous
 G - a phantom mirror


   Skills:
 * Level 7.7(8.6) Fighting
 + Level 4.7 Dodging
 + Level 7.9(8.8) Unarmed Combat
 - Level 2.0(2.6) Spellcasting
 - Level 6.2(7.1) Transmutations
 - Level 3.4(4.2) Poison Magic


You had 3 spell levels left.
You knew the following spells:

 Your Spells              Type           Power      Damage    Failure   Level
a - Beastly Appendage     Tmut           62%        N/A       1%          1
b - Wereblood             Tmut           31%        N/A       1%          2
c - Spider Form           Tmut/Pois      25%        N/A       4%          3
d - Ice Form              Ice/Tmut       17%        N/A       32%         4

Your spell library contained the following spells:

 Spells                   Type           Power      Damage    Failure   Level
 Passwall                 Tmut/Erth      14%        N/A       4%          2
 Ignite Poison            Fire/Tmut/Pois 17%        N/A       10%         3
 Sandblast                Erth           6%         2d5       14%         1
 Slow                     Hex            12%        N/A       14%         1
 Sublimation of Blood     Necr           2%         N/A       22%         2
 Mephitic Cloud           Conj/Pois/Air  8%         N/A       24%         3
 Confusing Touch          Hex            3%         N/A       38%         3
 Conjure Flame            Conj/Fire      3%         6-21      38%         3
 Ozocubu's Armour         Ice            3%         N/A       38%         3
 Stone Arrow              Conj/Erth      6%         3d7       38%         3
 Summon Guardian Golem    Hex/Summ       2%         N/A       41%         3
 Vampiric Draining        Necr           2%         2d6       41%         3
 Alistair's Intoxication  Tmut/Pois      16%        N/A       36%         5
 Sticky Flame             Conj/Fire      3%         2d3       80%         4
 Summon Lightning Spire   Summ/Air       2%         N/A       82%         4
 Eringya's Noxious Bog    Tmut/Pois      12%        N/A       91%         6
 Freezing Cloud           Conj/Ice/Air   1%         6-21      98%         5
 Borgnjor's Vile Clutch   Necr/Erth      1%         N/A       99%         5
 Summon Forest            Summ/Tloc      1%         N/A       99%         5
 Summon Mana Viper        Hex/Summ       2%         N/A       99%         5
 Summon Cactus Giant      Summ           1%         N/A       100%        6
 Orb of Destruction       Conj           1%         9d5       100%        7
 Ozocubu's Refrigeration  Ice            1%         4d7       100%        7
 Spellforged Servitor     Conj/Summ      1%         N/A       100%        7
 Storm Form               Tmut/Air       8%         N/A       100%        7
 Summon Hydra             Summ           1%         N/A       100%        7
 Maxwell's Capacitive Co  Air            1%         ∞         100%        8


Dungeon Overview and Level Annotations

Branches:
Dungeon (9/15)             Temple (1/1) D:4         Ossuary (visited)
 Bailey (visited)
   Lair: D:8-11         Orc: D:9-12

Altars:
Ashenzari
Cheibriados
Dithmenos
Elyvilon
Fedhas
Gozag
Hepliaklqana
Kikubaaqudgha
Makhleb
Nemelex Xobeh
Okawaru
Qazlal
Ru
Sif Muna
Trog
Uskayaw
Vehumet
Wu Jian
Xom
Yredelemnul
Zin
The Shining One

Shops:
D:6 :

Annotations:
D:3 exclusion: door
D:9 1 transporter


Innate Abilities, Weirdness & Mutations

You are a tree.
Your roots penetrate the ground, keeping you stationary.
You cannot be teleported.
You are immune to unholy pain and torment.
Your maximum health is greatly increased.
You cannot wear most types of armour.
((You are amphibious.))
You can wear up to eight rings at the same time.
((Your skin changes colour to match your surroundings (Stealth+).))
((Your rubbery body absorbs attacks. (AC +1, EV +1)))
((You are camouflaged when in or above water. (Stealth+)))
((You have tentacles for arms and can constrict up to eight enemies at once.))


Message History

The floor.
Okay, then.
Casting: Spider Form (dangerous; 13% risk of failure)
Confirm with . or Enter, or press ? or * to list all spells.
The spell is quite dangerous to miscast (54% risk of failure)!
Continue anyway?
Okay, then.
Really quaff the potion of lignification?
Your transformation has ended.
You turn into a tree.
Your roots penetrate the ground.
The tengu warrior hits you but does no damage.
You are poisoned.
The tengu warrior pecks you but does no damage.
The tengu warrior claws you but does no damage.
Unknown command.
You pummel the tengu warrior!!
You punch the tengu warrior, but do no damage.
The tengu warrior is almost dead.
You feel sick.
The tengu warrior hits you but does no damage.
The tengu warrior pecks you but does no damage.
The tengu warrior claws you but does no damage.
The tengu warrior blocks your attack.
The tengu warrior is almost dead.
You feel sick.
The tengu warrior hits you but does no damage.
The tengu warrior pecks you but does no damage.
The tengu warrior claws you but does no damage.
The tengu warrior blocks your attack.
Your punch misses the tengu warrior.
The tengu warrior is almost dead.
You feel sick.
The tengu warrior hits you with a +2 broad axe of venom!
* * * LOW HITPOINT WARNING * * *
The tengu warrior pecks you but does no damage.
The tengu warrior claws you but does no damage.
Unknown command.
The tengu warrior blocks your attack. x2
The tengu warrior is almost dead.
You feel sick.
The tengu warrior hits you with a +2 broad axe of venom!
You die...

#.....# #)....#
#....Q# #.....#
#.....#####
#.........#
#.........# .
#.........########..
..........Q♣.........
......................
......................
......................
.............########
...........##.o..
..(........#..o##
######....#...$
#....#....#o#?o.


You could see a tengu warrior (extremely poisoned).

Vanquished Creatures
  A steam dragon (D:8)
  A water moccasin (D:7)
  An orc warrior (Bailey)
  2 ice beasts
  2 black bears
  A sky beast (D:7)
  2 ogres
  A centaur (D:8)
  A phantom (D:5)
  A gnoll sergeant (D:6)
  Blork the orc (D:5)
  2 bullfrogs
  A scorpion (D:7)
  7 water moccasin zombies (Ossuary)
  4 wights (D:8)
  3 hounds
  3 jellies
  An orc priest (D:5)
  A gnoll bouda (D:6)
  Natasha (thrice) (D:3)
  3 iguanas
  3 mummies
  21 gnolls
  14 adders
  2 white imps
  3 ufetubi
  2 adder zombies (Ossuary)
  2 worms
  A dart slug (D:2)
  28 orcs
  4 endoplasms
  4 giant cockroaches
  A gnoll zombie (Ossuary)
  7 hobgoblins
  4 jackals
  2 kobolds
  3 quokkas
  5 ball pythons
  7 bats
  9 frilled lizards
  10 goblins
  2 hobgoblin zombies (Ossuary)
  7 kobold zombies
  6 orc zombies (Ossuary)
  8 rats
197 creatures vanquished.

Vanquished Creatures (others)
  An orc (D:5)
1 creature vanquished.

Grand Total: 198 creatures vanquished

Notes
Turn   | Place    | Note
-------+----------+-------------------------------------------
     0 | D:1      | ytrimaz the Octopode Transmuter began the quest for the
                  | Orb.
     0 | D:1      | Reached XP level 1. HP: 13/13 MP: 3/3
   275 | D:1      | Reached XP level 2. HP: 13/18 MP: 3/5
   976 | D:2      | Reached XP level 3. HP: 13/23 MP: 6/6
  1396 | D:2      | Found a faded altar of an unknown god.
  1407 | D:2      | Reached XP level 4. HP: 24/29 MP: 7/7
  1558 | D:2      | Identified the +6 spear of the Slime-mould {flame, rPois
                  | rC+ Str+3 Stlth+}
  1777 | D:2      | Learned a level 3 spell: Spider Form
  1780 | D:2      | Learned a level 2 spell: Wereblood
  2022 | D:3      | Noticed Natasha
  2038 | D:3      | Killed Natasha
  2061 | D:3      | Noticed Natasha
  2072 | D:3      | Killed Natasha
  2073 | D:3      | Reached XP level 5. HP: 2/34 MP: 6/8
  2385 | D:3      | Found a white marble altar of Elyvilon.
  2426 | D:3      | Noticed a black bear
  2480 | D:3      | Killed a black bear
  2481 | D:3      | Reached skill level 5 in Unarmed Combat
  2687 | D:3      | Noticed a moth of wrath
  2689 | D:3      | Found a bloodstained altar of Trog.
  2751 | D:3      | Reached XP level 6. HP: 36/41 MP: 9/9
  2913 | D:3      | Noticed Natasha
  2925 | D:3      | Killed Natasha
  3418 | D:4      | Found a staircase to the Ecumenical Temple.
  3434 | Temple   | Entered the Ecumenical Temple
  3776 | Temple   | Became a worshipper of Ashenzari the Shackled
  5020 | D:5      | Entered Level 5 of the Dungeon
  5335 | D:5      | Reached XP level 7. HP: 21/46 MP: 7/10
  5849 | D:5      | Found a hazy altar of Hepliaklqana.
  5857 | D:5      | Found an ornate altar of the Wu Jian Council.
  6350 | D:5      | Noticed Blork the orc
  6361 | D:5      | Killed Blork the orc
  6362 | D:5      | Reached skill level 1 in Poison Magic
  6479 | D:5      | Reached XP level 8. HP: 54/54 MP: 7/11
  6508 | D:5      | Found the +7 Kryia's mail coat {PotionHeal*2 rC+}
  6713 | D:6      | Found Xeeliyd's Book Shop.
  6978 | D:6      | Reached * piety under Ashenzari
  7160 | D:6      | Found a sand-covered staircase.
  7168 | Ossuary  | Entered an ossuary
  7235 | Ossuary  | Learned a level 4 spell: Ice Form
  7357 | Ossuary  | Reached skill level 5 in Fighting
  8156 | D:6      | Reached XP level 9. HP: 43/63 MP: 8/12
  8579 | D:7      | Found a glowing golden altar of the Shining One.
  8590 | D:7      | Reached skill level 5 in Transmutations
  8699 | D:7      | Found a flagged portal.
  8718 | Bailey   | Entered a bailey
  9148 | Bailey   | Identified a scroll of acquirement
  9264 | D:7      | Found an iron altar of Okawaru.
  9275 | D:7      | Identified the +1 robe "Beluwifo" {rElec rF+ Int+6}
 10707 | D:9      | Found a transporter.
 10753 | D:9      | Noticed an orc knight
 10774 | D:9      | Noticed a tengu warrior
 10797 | D:9      | Slain by a tengu warrior

Illustrated notes

Levels and vault maps discovered:
D:1:      pf_arrival_petrified_forest, layout_rooms, palyth_stone_intersect
D:2:      layout_rooms, ebering_ecumenical_altar_rust, st_stairs_2
D:3:      layout_loops_corners, nicolae_overflow_crystal_walls, tgw_trog,
          minmay_cut_off, uniq_natasha
D:4:      layout_cave_pools, minmay_temple_entry_butterflies
D:5:      layout_cave_pods, mainiacjoe_overflow_catwalk_spiral,
          lemuel_flamethrower_2, uniq_blork_the_orc
D:6:      layout_gridville, serial_shops, nicolae_stop_n_shop_1,
          nicolae_ossuary_entry_giza, grunt_tough_drop
D:7:      layout_basic, mainiacjoe_overflow_paths,
          mainiacjoe_overflow_concentric_impassable, enter_bailey_4
D:8:      layout_loops_ring, serial_bayou_pond_c
D:9:      gammafunk_beogh_shrine, layout_irregular_city,
          ploomutoo_gammafunk_ghost_potion_laboratory,
          hellmonk_guarded_unrand_vines, uniq_psyche
Temple:   minmay_temple_bridge_d

Skill      XL: |  1  2  3  4  5  6  7  8  9 |
---------------+----------------------------+-----
Unarmed Combat | 4 5 6 7 |  7.9
Fighting       | 2 3 4 6 7 |  7.7
Dodging        | 3 4 |  4.7
Poison Magic   | 1 3 |  3.4
Transmutations | 4 6 |  6.2
Spellcasting   | |  2.0

Action                   |  1- 3 |  4- 6 |  7- 9 || total
-------------------------+-------+-------+-------++-------
Melee: Unarmed           |    72 |   143 |   445 ||   660
       Tentacles         |    14 |    18 |    23 ||    55
       Constrict         |    14 |    24 |    20 ||    58
       Kick              |     8 |    19 |     6 ||    33
       Punch             |     1 |     3 |     3 ||     7
 Cast: Beastly Appendage |    20 |    28 |    11 ||    59
       Spider Form       |       |     5 |    51 ||    56
       Wereblood         |       |       |     4 ||     4
Invok: Curse Item        |       |       |     3 ||     3
Evoke: Wand              |       |       |     1 ||     1
  Use: Scroll            |     4 |    10 |     4 ||    18
       Potion            |     1 |     1 |     5 ||     7
 Stab: Sleeping          |     4 |     8 |     8 ||    20
Armor: Skin              |    65 |    23 |    77 ||   165
Dodge: Dodged            |    56 |   110 |   442 ||   608

Table legend: (Time is in decaauts)
 A = Elapsed time spent in this place.
 B = Non-inter-level travel time spent in this place.
 C = Inter-level travel time spent in this place.
 D = Time resting spent in this place.
 E = Time spent auto-exploring this place.
 F = Levels seen in this place.
 G = Mean time per level.
                   A        B        C        D        E       F      G
               +--------+--------+--------+--------+--------+-----+--------+
         Total |  10722 |  10427 |    295 |    797 |   7660 |  12 |  893.5 |
       Dungeon |   9486 |   9340 |    146 |    538 |   7331 |   9 | 1054.0 |
        Temple |    415 |    266 |    149 |      0 |    255 |   1 |  415.0 |
       Ossuary |    329 |    329 |      0 |     49 |     74 |   1 |  329.0 |
        Bailey |    491 |    491 |      0 |    210 |      0 |   1 |  491.0 |
               +--------+--------+--------+--------+--------+-----+--------+

Top non-repeatable levels by time:
     D:5: 1666 daAuts
     D:3: 1603 daAuts
     D:6: 1347 daAuts
     D:4: 1209 daAuts
     D:8: 1122 daAuts
     D:1: 936 daAuts
     D:2: 853 daAuts
     D:7: 621 daAuts
  Bailey: 491 daAuts
  Temple: 415 daAuts
 Ossuary: 329 daAuts
     D:9: 124 daAuts
